 Dungeon Crawl Stone Soup version 0.30-a0-42-g806c11bf1d (webtiles) character file.

Game seed: 8732532562936653547

9558 riojii the Fighter (level 11, -3/104 HPs)
             Began as a Ghoul Fighter on Aug 31, 2022.
             Was a Believer of Makhleb.
             Slain by a catoblepas (8 damage)
             ... while petrified by a catoblepas
             ... on level 10 of the Dungeon.
             The game lasted 00:17:27 (11184 turns).

riojii the Fighter (Ghoul Fighter)                 Turns: 11184, Time: 00:17:27

Health: -3/104     AC: 24    Str: 25    XL:     11   Next: 48%
Magic:  10/10      EV:  2    Int:  3    God:    Makhleb [**....]
Gold:   732        SH:  0    Dex:  8    Spells: 10/10 levels left

rFire   . . .      SeeInvis .      - Unarmed
rCold   + + .      Faith    .    y - +0 kite shield
rNeg    + + +      Spirit   .    e - +2 plate armour
rPois   ∞          Reflect  .    l - +2 hat
rElec   .          Harm     .    (no cloak)
rCorr   .          Rampage  .    (no gloves)
Will    .....                    a - +2 pair of boots
Stlth   ..........               o - amulet of the acrobat
HPRegen 0.00/turn                d - +4 ring of protection
MPRegen 0.12/turn                z - ring of protection from cold

@: about to teleport, petrified, inhibited regen
A: claws 1, cold resistance 1, negative energy resistance 3, inhibited
regeneration, torment resistance 2, devour on kill
a: Renounce Religion, Minor Destruction


You were on level 10 of the Dungeon.
You worshipped Makhleb.
Makhleb was pleased with you.
You visited 2 branches of the dungeon, and saw 11 of its levels.
You also visited: Sewer and Bailey.

You collected 732 gold pieces.

Inventory:

Armour
 a - a +2 pair of boots (worn)
 e - a +2 plate armour (worn)
 l - a +2 hat (worn)
 y - a +0 kite shield (worn)
Jewellery
 d - a +4 ring of protection (left claw)
 o - an amulet of the acrobat (around neck)
 z - a ring of protection from cold (right claw)
Wands
 f - a wand of mindburst (17)
 u - a wand of flame (18)
 v - a wand of polymorph (4)
Scrolls
 b - a scroll of enchant weapon
 j - 7 scrolls of teleportation
 t - a scroll of identify
 w - a scroll of poison
 x - a scroll of magic mapping
Potions
 c - 2 potions of might
 g - 4 potions of curing
 h - 4 potions of haste
 i - 6 potions of flight
 k - a potion of berserk rage
 m - 2 potions of brilliance
 n - 4 potions of invisibility
 p - a potion of magic
 r - a potion of mutation
 s - a potion of ambrosia


   Skills:
 * Level 11.6 Fighting
 + Level 7.2 Armour
 + Level 7.1 Shields
 * Level 11.5 Unarmed Combat


You had 10 spell levels left.
You didn't know any spells.
Your spell library contained the following spells:

 Spells                   Type           Power      Damage    Failure   Level
 Apportation              Tloc           0%         N/A       100%        1
 Sting                    Tmut/Pois      0%         1d3       100%        1
 Blink                    Tloc           0%         N/A       100%        2
 Poisonous Vapours        Pois/Air       0%         N/A       100%        2
 Frozen Ramparts          Ice            0%         1d1       100%        3
 Gell's Gravitas          Tloc           0%         N/A       100%        3
 Lesser Beckoning         Tloc           0%         N/A       100%        3
 Teleport Other           Tloc           0%         N/A       100%        3
 Olgreb's Toxic Radiance  Pois           0%         N/A       100%        4
 Summon Ice Beast         Ice/Summ       0%         N/A       100%        4
 Alistair's Intoxication  Tmut/Pois      0%         N/A       100%        5
 Manifold Assault         Tloc           0%         N/A       100%        5
 Ice Form                 Ice/Tmut       Unusable   N/A       N/A         4

Dungeon Overview and Level Annotations

Branches:
Dungeon (10/15)            Temple (1/1) D:7            Lair (0/5) D:10
    Orc (0/2) D:9           Sewer (visited)          Bailey (visited)

Altars:
Ashenzari
Cheibriados
Dithmenos
Gozag
Hepliaklqana
Kikubaaqudgha
Makhleb
Nemelex Xobeh
Okawaru
Qazlal
Ru
Sif Muna
Trog
Uskayaw
Vehumet
Wu Jian
Xom
Yredelemnul

Shops:
D:6 **   D:8 =


Innate Abilities, Weirdness & Mutations

You are immune to poison.
You have sharp fingernails.
Your flesh is cold resistant. (rC+)
You are immune to negative energy. (rN+++)
You do not regenerate when monsters are visible.
You are immune to unholy pain and torment.
You thrive by killing the living.


Message History

The catoblepas gores you!!
The catoblepas gores you but does no damage.
The two-headed ogre hits you with a +0 dire flail!
The two-headed ogre hits you with a +0 giant club!
The howler monkey hoots and howls with incredible vigour!
The catoblepas gores you but does no damage.
The two-headed ogre hits you but does no damage.
The two-headed ogre barely misses you. The catoblepas gores you!
The two-headed ogre stops moving altogether!
The catoblepas gores you!!
A gargoyle comes into view. It is wielding a +0 flail.
The catoblepas gores you but does no damage.
The catoblepas gores you! The catoblepas gores you!!
* * * LOW HITPOINT WARNING * * *
You turn to flesh and can move again.
As you read the scroll of torment, it crumbles to dust.
You feel a surge of unholy energy.
The two-headed ogre convulses!
The howler monkey convulses!
The catoblepas convulses!
The catoblepas breathes a plume of calcifying dust at you.
The blast of calcifying dust hits you but does no damage.
As you read the scroll of torment, it crumbles to dust.
You feel a surge of unholy energy.
The two-headed ogre convulses!
The howler monkey convulses!
The catoblepas convulses!
The howler monkey convulses!
You are engulfed in calcifying dust.
You are slowing down.
The catoblepas breathes a plume of calcifying dust at you.
The blast of calcifying dust hits you but does no damage.
The howler monkey hoots and howls with incredible vigour!
As you read the scroll of teleportation, it crumbles to dust.
You feel strangely unstable.
You are engulfed in calcifying dust.
Your limbs have turned to stone.
The catoblepas gores you!
* * * LOW HITPOINT WARNING * * *
You have turned to stone.
You are engulfed in calcifying dust.
The catoblepas gores you!
* * * LOW HITPOINT WARNING * * *
You are engulfed in calcifying dust.
The catoblepas gores you!
* * * LOW HITPOINT WARNING * * *
The catoblepas gores you!
You die...

##..........#.# ...#.#
#P..P......#.##.####.#
###.....P###.## #.#
#.####.###.# # #.# #.#
#.....##.####.#
#.######...........#
#..........##.###
########Y.## #hO@#
#9### #... #.....
#....... #.#.#h#.#.
#...........
...#.8)8.#...


You could see a catoblepas, a two-headed ogre (petrified), a gargoyle and a
howler monkey.

Vanquished Creatures
  The ghost of purpskrrrp the Chopper, a novice TrFi of Gozag (D:8)
  A two-headed ogre (D:8)
  A gargoyle (D:10)
  Joseph (D:9)
  An unseen horror (D:10)
  Maggie (D:7)
  A troll (D:10)
  A wraith (D:9)
  2 shadows
  3 wyverns
  3 yaks (D:10)
  Edmund (D:6)
  4 water moccasins
  3 ice beasts
  A sky beast (D:6)
  2 orc warriors (Bailey)
  3 black bears
  5 ogres
  6 centaurs
  A phantom (D:5)
  5 bullfrogs
  2 necrophages
  7 scorpions
  11 wights
  10 killer bees (D:9)
  2 howler monkeys
  A wyvern simulacrum (D:8)
  4 jellies
  12 orc priests
  3 hounds
  Natasha (thrice) (D:2)
  2 iguanas
  15 orc wizards
  A centaur simulacrum (D:8)
  A killer bee simulacrum (D:8)
  13 adders
  5 river rats
  3 shadow imps
  6 white imps
  An ufetubus (D:5)
  3 worms
  2 dart slugs
  64 orcs
  16 ball pythons
  7 endoplasms
  12 giant cockroaches
  16 goblins
  12 hobgoblins
  4 jackals
  5 kobolds
  6 quokkas
  9 bats
  4 frilled lizards
  11 rats
320 creatures vanquished.

Vanquished Creatures (others)
  50 fungi
  46 plants (D:10)
96 creatures vanquished.

Grand Total: 416 creatures vanquished

Notes
Turn   | Place    | Note
-------+----------+-------------------------------------------
     0 | D:1      | riojii the Ghoul Fighter began the quest for the Orb.
     0 | D:1      | Reached XP level 1. HP: 19/19 MP: 0/0
   167 | D:1      | Reached XP level 2. HP: 24/26 MP: 1/1
   499 | D:1      | Found a faded altar of an unknown god.
   537 | D:1      | Reached XP level 3. HP: 33/33 MP: 2/2
   835 | D:2      | Reached XP level 4. HP: 40/40 MP: 3/3
   842 | D:2      | Noticed Natasha
   862 | D:2      | HP: 2/40 [Natasha (5)]
   863 | D:2      | Killed Natasha
   918 | D:2      | Noticed Natasha
   925 | D:2      | Killed Natasha
   952 | D:2      | Reached XP level 5. HP: 9/47 MP: 4/4
  1516 | D:2      | Noticed Natasha
  1521 | D:2      | Killed Natasha
  1816 | D:3      | Found a glowing drain.
  1831 | Sewer    | Entered a sewer
  2120 | Sewer    | Reached XP level 6. HP: 55/55 MP: 5/5
  2157 | Sewer    | Reached skill level 5 in Fighting
  3371 | D:4      | Reached XP level 7. HP: 38/61 MP: 6/6
  3385 | D:4      | Reached skill level 5 in Unarmed Combat
  4214 | D:5      | Entered Level 5 of the Dungeon
  4300 | D:5      | Reached XP level 8. HP: 71/71 MP: 7/7
  5124 | D:6      | Reached skill level 5 in Armour
  5124 | D:6      | Reached XP level 9. HP: 75/80 MP: 8/8
  5196 | D:6      | Noticed Edmund
  5200 | D:6      | Reached skill level 5 in Shields
  5209 | D:6      | Killed Edmund
  5843 | D:6      | Found Cayrinao's Specific Store.
  5844 | D:6      | Found Roopt's General Store.
  5971 | D:7      | Noticed Maggie
  5978 | D:7      | Killed Maggie
  6708 | D:7      | Found a staircase to the Ecumenical Temple.
  6727 | Temple   | Entered the Ecumenical Temple
  7097 | D:7      | Reached XP level 10. HP: 77/91 MP: 9/9
  7168 | D:7      | Found a hide-covered altar of Uskayaw.
  7202 | D:7      | Found a broken altar of Ashenzari.
  7256 | D:7      | Found a basalt altar of Yredelemnul.
  7258 | D:7      | Found an opulent altar of Gozag.
  7521 | D:8      | Found a burning altar of Makhleb.
  7658 | D:8      | Found a runed translucent gate.
  7681 | D:8      | Found a runed translucent gate.
  7681 | D:8      | Found a runed translucent gate.
  7693 | D:8      | Identified the +5 ring mail "Vinneuc" {MP+9}
  7693 | D:8      | Noticed purpskrrrp's ghost (novice TrFi)
  7782 | D:8      | Found Assocutu's Jewellery Shop.
  7984 | D:8      | Noticed a two-headed ogre
  7993 | D:8      | Killed a two-headed ogre
  8111 | D:8      | Reached skill level 10 in Fighting
  8552 | D:8      | Killed purpskrrrp's ghost
  8553 | D:8      | Reached skill level 10 in Unarmed Combat
  8810 | D:9      | Noticed Joseph
  8952 | D:9      | Killed Joseph
  9035 | D:8      | Became a worshipper of Makhleb the Destroyer
  9123 | D:9      | Found a sparkling altar of Nemelex Xobeh.
  9129 | D:9      | Found a flagged portal.
  9154 | Bailey   | Entered a bailey
  9431 | Bailey   | Found a large runed translucent door.
  9431 | Bailey   | Found a large runed translucent door.
  9432 | Bailey   | Noticed a deep elf pyromancer
  9437 | Bailey   | Noticed an orc knight
  9824 | D:9      | Found a staircase to the Orcish Mines.
  9854 | D:9      | Reached * piety under Makhleb
  9889 | D:9      | Reached XP level 11. HP: 98/101 MP: 10/10
 10594 | D:10     | Entered Level 10 of the Dungeon
 10765 | D:10     | Reached ** piety under Makhleb
 11047 | D:10     | Found a staircase to the Lair.
 11152 | D:10     | Noticed a catoblepas
 11152 | D:10     | Noticed a two-headed ogre
 11152 | D:10     | Found the +6 shillelagh "Devastator" {shatter}
 11183 | D:10     | HP: 5/104 [catoblepas (8)]
 11184 | D:10     | Slain by a catoblepas

Illustrated notes

Levels and vault maps discovered:
D:1:      lightli_iron_boxes, layout_basic, basic_ecumenical_altar, hex_tiny
D:2:      layout_basic, st_stairs_14, lemuel_flame_loot_1, uniq_natasha
D:3:      layout_basic, portal_sewer_entry_e
D:4:      layout_gridville, minmay_fractal_squares_5
D:5:      layout_basic, dreamdust_mushroom_princess
D:6:      layout_rooms, kennysheep_path_1, nicolae_specific_store, uniq_edmund
D:7:      layout_loops_corners, mainiacjoe_overflow_two_lobes,
          nicolae_overflow_hidden_temple, minmay_temple_entry_offerings,
          kennysheep_generic_room_14, uniq_maggie
D:8:      layout_cave_pods, mainiacjoe_overflow_paths, serial_shops,
          nicolae_square_shop, gammafunk_ghost_icy
D:9:      layout_long_grid, mainiacjoe_overflow_cross_hatched,
          hiddenorc2_lemuel, enter_bailey_5, uniq_joseph
D:10:     minmay_roctagon, layout_loops_ring, due_lair_maze_entry_diamond
Temple:   nicolae_temple_great_sept

Skill      XL: |  1  2  3  4  5  6  7  8  9 10 11 |
---------------+----------------------------------+-----
Fighting       | 4 5 6 7 9 10 11 | 11.6
Armour         | 3 4 5 6 7 |  7.2
Unarmed Combat | 3 4 5 7 9 10 11 | 11.5
Shields        | 3 4 5 6 7 |  7.1

Action                   |  1- 3 |  4- 6 |  7- 9 | 10-12 || total
-------------------------+-------+-------+-------+-------++-------
Melee: Unarmed           |   116 |   324 |   363 |   498 ||  1301
  Use: Scroll            |     2 |     5 |    11 |     7 ||    25
       Potion            |       |       |       |     5 ||     5
 Stab: Petrified         |       |       |       |     6 ||     6
Armor: Scale mail        |    18 |       |       |       ||    18
       Chain mail        |    38 |    39 |       |       ||    77
       Plate armour      |       |   290 |   236 |   368 ||   894
Dodge: Dodged            |    41 |   158 |    94 |   137 ||   430
Block: Buckler           |    20 |    96 |    65 |     1 ||   182
       Kite shield       |       |       |       |   225 ||   225

Table legend: (Time is in decaauts)
 A = Elapsed time spent in this place.
 B = Non-inter-level travel time spent in this place.
 C = Inter-level travel time spent in this place.
 D = Time resting spent in this place.
 E = Time spent auto-exploring this place.
 F = Levels seen in this place.
 G = Mean time per level.
                   A        B        C        D        E       F      G
               +--------+--------+--------+--------+--------+-----+--------+
         Total |  11310 |  10899 |    411 |    397 |   8153 |  13 |  870.0 |
       Dungeon |   9878 |   9478 |    400 |    240 |   7369 |  10 |  987.8 |
        Temple |     85 |     74 |     11 |      0 |     63 |   1 |   85.0 |
         Sewer |   1028 |   1028 |      0 |      0 |    660 |   1 | 1028.0 |
        Bailey |    318 |    318 |      0 |    157 |     60 |   1 |  318.0 |
               +--------+--------+--------+--------+--------+-----+--------+

Top non-repeatable levels by time:
     D:8: 1480 daAuts
     D:7: 1478 daAuts
     D:9: 1287 daAuts
   Sewer: 1028 daAuts
     D:2: 941 daAuts
     D:3: 914 daAuts
     D:4: 865 daAuts
     D:5: 855 daAuts
     D:6: 832 daAuts
     D:1: 639 daAuts
    D:10: 583 daAuts
  Bailey: 318 daAuts
  Temple: 85 daAuts
